 Dungeon Crawl Stone Soup version 0.24.0-13-gcf9b3192b9 (webtiles) character file.

Game seed: 5755338789227744462, levelgen mode: deterministic

156 Delamore the Chopper (level 5, 0/45 HPs)
             Began as a Hill Orc Fighter on Nov 9, 2019.
             Slain by a sky beast (3 damage)
             ... on level 4 of the Dungeon.
             The game lasted 00:04:43 (2391 turns).

Delamore the Chopper (Hill Orc Fighter)             Turns: 2391, Time: 00:04:44

Health: 0/45       AC:  6    Str: 20    XL:     5   Next: 38%
Magic:  5/5        EV:  7    Int:  8    God:
Gold:   279        SH:  9    Dex: 10    Spells: 4/4 levels left

rFire    . . .     SeeInvis .   a - +0 war axe
rCold    . . .     Gourm    .   c - +0 shield
rNeg     . . .     Faith    .   b - +0 scale mail
rPois    .         Spirit   .   (no helmet)
rElec    .         Reflect  .   (no cloak)
rCorr    .         Harm     .   (no gloves)
MR       .....                  (no boots)
Stlth    ..........             (no amulet)
HPRegen  0.15/turn              (no ring)
MPRegen  0.09/turn              (no ring)

@: lethally poisoned (0 -> -9)
A: no striking features
a: no special abilities


You were on level 4 of the Dungeon.
You were not hungry.

You visited 1 branch of the dungeon, and saw 4 of its levels.

You collected 279 gold pieces.

Inventory:

Hand Weapons
 a - a +0 war axe (weapon)
 t - a +0 war axe
Missiles
 k - 7 atropa-tipped darts (quivered)
 u - 3 silver boomerangs
Armour
 b - a +0 scale mail (worn)
 c - a +0 shield (worn)
Wands
 w - a wand of paralysis (4)
Scrolls
 g - 3 scrolls of random uselessness {unknown}
 i - 2 scrolls of teleportation {unknown}
 l - 3 scrolls of identify {unknown}
 n - a scroll of magic mapping {unknown}
 r - a scroll of blinking {unknown}
Potions
 d - 2 potions of might
 e - 2 potions of ambrosia {unknown}
 h - a potion of cancellation {unknown}
 j - 2 potions of haste {unknown}
 m - a potion of curing {unknown}
 o - 2 potions of mutation {unknown}
 p - a potion of invisibility {unknown}
 q - a potion of brilliance {unknown}
 s - a potion of magic {unknown}
 v - a potion of lignification {unknown}
 z - a potion of flight {unknown}
Comestibles
 f - 4 rations
 x - 2 chunks of flesh


   Skills:
 - Level 3.6 Fighting
 + Level 7.0 Axes
 - Level 3.2 Armour
 - Level 0.6 Dodging
 - Level 3.2 Shields


You had 4 spell levels left.
You didn't know any spells.
Your spell library was empty.

Dungeon Overview and Level Annotations

Branches:
Dungeon (4/15)
 Temple: D:4-7

Altars:
Yredelemnul


Message History

You slash something! You miss the adder. You block the adder's attack.
Something completely misses you. The adder bites you.
You are more poisoned.
The adder poisons you!
You barely miss something. You closely miss the adder.
You feel sick. Something hits you but does no damage.
The adder bites you but does no damage. Something hits you but does no damage.
You block the adder's attack.
You hit something. You hit the adder.
You feel sick. The adder bites you.
You are more poisoned.
The adder poisons you! Something hits you.
* * * LOW HITPOINT WARNING * * *
Something shocks you.
* * * LOW HITPOINT WARNING * * *
Your shield prevents you from hitting something.
You barely miss the adder.
* * * LOW HITPOINT WARNING * * *
You feel sick. The adder bites you.
* * * LOW HITPOINT WARNING * * *
Something hits you.
You die...

##'###.###'###.....##
.............+......#
##'###.###'###......#
#.# #.# #.# #......#
#.###.###.# #......# .
#...+.'...#
#%.....##..?.
#####.#####
#..........(. #.#
#.{S#####.###
######'#######.#@....#
...............#.....#
.##..#..###..#.#.....#
####'#.####.##.......#
.....................#
..........#..........#
..........#..........#
.....................#
.......#'#...#####...#


You could see an adder.

Vanquished Creatures
  An iguana (D:4)
  An adder (D:3)
  4 gnolls (D:3)
  2 worms (D:4)
  3 dart slugs
  2 leopard geckos
  An orc (D:3)
  8 bats
  5 giant cockroaches
  8 goblins
  11 hobgoblins
  8 kobolds
  2 ball pythons (D:1)
  3 frilled lizards (D:3)
  A quokka skeleton (D:2)
  9 rats
  A spectral orc (D:4)
70 creatures vanquished.

Notes
Turn   | Place    | Note
-------+----------+-------------------------------------------
     0 | D:1      | Delamore the Hill Orc Fighter began the quest for the Orb.
     0 | D:1      | Reached XP level 1. HP: 19/19 MP: 1/1
    49 | D:1      | Reached skill level 3 in Axes
    81 | D:1      | Reached XP level 2. HP: 26/26 MP: 2/2
   182 | D:1      | Reached skill level 4 in Axes
   313 | D:1      | Reached XP level 3. HP: 31/31 MP: 3/3
   672 | D:2      | Reached skill level 5 in Axes
   949 | D:3      | Reached XP level 4. HP: 33/39 MP: 4/4
   958 | D:3      | Reached skill level 6 in Axes
  1516 | D:3      | Reached XP level 5. HP: 45/45 MP: 5/5
  2197 | D:4      | Found a basalt altar of Yredelemnul.
  2361 | D:4      | Reached skill level 7 in Axes
  2379 | D:4      | Noticed a sky beast
  2391 | D:4      | Slain by a sky beast

Levels and vault maps discovered:
D:1:      lightli_arrival_flooded_house, layout_basic
D:2:      layout_rooms, st_stairs_14, serial_park_tiny_1
D:3:      layout_basic, minivault_19
D:4:      layout_basic, yredelemnul_forgotten_temple_becter, minmay_door_square

Skill      XL: |  1  2  3  4  5 |
---------------+----------------+-----
Axes           | 3 4 5 6 7 |  7.0
Fighting       | |  3.6
Armour         | |  3.2
Dodging        | |  0.6
Shields        | |  3.2

Action                   |  1- 3 |  4- 6 || total
-------------------------+-------+-------++-------
Melee: War axe           |   105 |    90 ||   195
  Eat: Chunk             |       |     5 ||     5
Armor: Scale mail        |    58 |    31 ||    89
Dodge: Dodged            |    34 |    25 ||    59
Block: Shield            |    49 |    40 ||    89
